 Dungeon Crawl Stone Soup version 0.30-a0-121-gb27577e5d9 (webtiles) character file.

Game seed: 11132537845614316132

8 KittyKat the Grave Robber (level 2, 18/19 HPs)
             Began as a Demonspawn Necromancer on Sept 14, 2022.
             Got out of the dungeon alive.
             The game lasted 00:01:53 (452 turns).

KittyKat the Grave Robber (Demonspawn Necromancer)   Turns: 452, Time: 00:01:54

Health: 18/19      AC:  3    Str:  8    XL:     2   Next: 0%
Magic:  3/5        EV: 12    Int: 16    God:
Gold:   14         SH:  0    Dex: 13    Spells: 4/5 levels left

rFire   . . .      SeeInvis .    (no weapon)
rCold   . . .      Faith    .    (no shield)
rNeg    . . .      Spirit   .    a - +0 robe
rPois   .          Reflect  .    (helmet restricted)
rElec   .          Harm     .    (no cloak)
rCorr   .          Rampage  .    (no gloves)
Will    .....                    e - +0 pair of boots
Stlth   ++........               (no amulet)
HPRegen 0.06/turn                (no ring)
MPRegen 0.09/turn                (no ring)

@: no status effects
A: antennae 1
a: no special abilities


You escaped.
You visited 1 branch of the dungeon, and saw 1 of its levels.

You collected 14 gold pieces.

Inventory:

Armour
 a - a +0 robe (worn)
 c - an orb of energy
 e - a +0 pair of boots (worn)
Potions
 b - a potion of magic
 d - a potion of degeneration {unknown}


   Skills:
 - Level 1.7 Dodging
 - Level 1.7 Stealth
 + Level 2.0 Spellcasting
 * Level 4.8 Necromancy


You had 4 spell levels left.
You knew the following spells:

 Your Spells              Type           Power      Damage    Failure   Level
a - Necrotise             Necr           68%        1d7       2%          1

Your spell library contained the following spells:

 Spells                   Type           Power      Damage    Failure   Level
 Vampiric Draining        Necr           17%        2d7       9%          3
 Animate Dead             Necr           17%        N/A       28%         4
 Agony                    Necr           17%        N/A       61%         5


Dungeon Overview and Level Annotations

Branches:
Dungeon (1/15)

Altars:


Innate Abilities, Weirdness & Mutations

You have a pair of small antennae on your head.


Message History

Confirm with . or Enter, or press ? or * to list all spells.
Aiming: Necrotise (safe; 2% risk of failure)
Press: ? - help, Shift-Dir - straight line, f - ball python
Aim: a ball python (ally target, chance to affect: 87%)
The ball python writhes in agony.
You kill the ball python!
The dead are slithering!
You have reached level 2!
Your demonic ancestry asserts itself...
A pair of antennae grows on your head!
A hobgoblin comes into view.
The hobgoblin hits your frilled lizard skeleton.
Your ball python skeleton closely misses the hobgoblin.
Your ball python skeleton grabs the hobgoblin.
Your ball python skeleton constricts the hobgoblin.
Your ball python skeleton bites the hobgoblin but does no damage.
Your ball python skeleton constricts the hobgoblin.
The hobgoblin hits your ball python skeleton.
Your ball python skeleton bites the hobgoblin but does no damage.
Your ball python skeleton constricts the hobgoblin.
The hobgoblin hits your ball python skeleton.
The hobgoblin hits your ball python skeleton.
Your ball python skeleton bites the hobgoblin but does no damage.
Your ball python skeleton constricts the hobgoblin.
A dart slug comes into view.
Your hobgoblin skeleton hits the hobgoblin but does no damage.
Your ball python skeleton bites the hobgoblin.
Your ball python skeleton constricts the hobgoblin.
The hobgoblin hits your ball python skeleton.
Your ball python skeleton is destroyed!
A bat comes into view.
Something barely misses your frilled lizard skeleton.
The bat moves out of view.
There is a staircase leading out of the dungeon here.
The bat closely misses you. The bat hits you.
There is a staircase leading out of the dungeon here.
Are you sure you want to leave the Dungeon?
This will make you lose the game! The bat barely misses you.
The bat hits you but does no damage.
You have escaped!

#.......# #.####
#.......####....##
#.......#.....#..########
#.........#..#.#..##....##
####....g...#...#........#
#.#.#####.....#####.#.###
...#..#...........#..#...##
...#.##..#.........#..####..#
.........#...b@....#.)##
##.### ..
w....#...........#..## #....
....#####.....#####..# #.###
.........#...#.......###.###
.###.##..#.#...............
... ##..#..#.....####....
.### ##....#....## #....
####...#..# #....
######.####.# #####


You could see a hobgoblin and a bat.

Vanquished Creatures
  A giant cockroach (D:1)
  A hobgoblin (D:1)
  2 quokkas (D:1)
  A ball python (D:1)
  A bat (D:1)
  2 frilled lizards (D:1)
8 creatures vanquished.

Notes
Turn   | Place    | Note
-------+----------+-------------------------------------------
     0 | D:1      | KittyKat the Demonspawn Necromancer began the quest for the
                  | Orb.
     0 | D:1      | Reached XP level 1. HP: 13/13 MP: 3/3
   431 | D:1      | Gained mutation: You have a pair of small antennae on your
                  | head. [demonic ancestry]
   431 | D:1      | Reached XP level 2. HP: 19/19 MP: 1/5
   452 | D:$      | Got out of the dungeon alive.

Illustrated notes

Levels and vault maps discovered:
D:1:      scummos_arrival_star, layout_loops_cross,
          dreamdust_ecumenical_altar_statues, minmay_fountain_box

Action                   || total
-------------------------++-------
Melee: Unarmed           ||     4
 Cast: Necrotise         ||    12
Armor: Robe              ||     3
Dodge: Dodged            ||    20

Table legend: (Time is in decaauts)
 A = Elapsed time spent in this place.
 B = Non-inter-level travel time spent in this place.
 C = Inter-level travel time spent in this place.
 D = Time resting spent in this place.
 E = Time spent auto-exploring this place.
 F = Levels seen in this place.
 G = Mean time per level.
                   A        B        C        D        E       F      G
               +--------+--------+--------+--------+--------+-----+--------+
         Total |    452 |    452 |      0 |    207 |    135 |   1 |  452.0 |
       Dungeon |    452 |    452 |      0 |    207 |    135 |   1 |  452.0 |
               +--------+--------+--------+--------+--------+-----+--------+

Top non-repeatable levels by time:
     D:1: 452 daAuts
